[Event "Indian Rapid Championship 2023-24"]
[Site "Nashik"]
[Date "2024.03.04"]
[Round "2.10"]
[White "Sidhant, Mohapatra"]
[Black "Dere Pushkar"]
[Result "1-0"]
[ECO "A11"]
[WhiteElo "2379"]
[BlackElo "2206"]
[Annotator "TA"]
[PlyCount "103"]
[EventDate "2024.03.02"]
[EventType "swiss"]
[EventCountry "IND"]
[SourceTitle "playchess.com"]
[Source "ChessBase"]
[SourceQuality "1"]
[TimeControl "900+10"]

1. Nf3 d5 2. e3 Nf6 3. c4 c6 4. Nc3 Nbd7 5. cxd5 cxd5 6. d4 g6 7. Qb3 e6 8. Bd2 {[%emt 0:00:09] Weiß hat minimalen Vorteil.} a6 9. a4 Bg7 10. Bd3 O-O 11. O-O b6 12. Rfc1 Bb7 13. a5 b5 14. Na2 Ne4 15. Bb4 Re8 16. Qd1 e5 17. dxe5 (17. Rc2 $5) 17... Nxe5 18. Nxe5 Bxe5 19. Bxe4 dxe4 20. Bc3 Qh4 (20... Bc7 $15) 21. Bxe5 $14 Rxe5 22. Rc7 (22. Qd7 $1 $14 Re7 23. Qd6) 22... Rd8 $11 23. Rd7 Rd5 24. Rxd5 Rxd5 25. Qc2 Qd8 26. h3 {[%emt 0:00:09] Weiss ist schwach auf den weissen Feldern} (26. Nb4 $11 Rd2 27. Qc1) 26... Rd2 (26... Qxa5 $17 27. Qc1 Qd2) 27. Qc3 Rd3 28. Qe5 Rd5 29. Qc3 Rd3 30. Qb4 Qd6 31. Qxd6 Rxd6 {[%emt 0:00:01][%mdl 4096] Endspiel. KRB-KRN} 32. Nb4 Rd2 33. Rb1 Bd5 $2 {[%emt 0:00:10][%mdl 8192] Das kostet Schwarz die Partie.} (33... f5 $11 {und Schwarz ist OK.}) 34. Nxa6 $18 Ba2 {[%emt 0:00:24] [#]} 35. Ra1 Rxb2 {[%emt 0:00:01] [#]} 36. Nc7 $1 {[%emt 0:00:01] Und a6 würde nun gewinnen.} Rc2 37. Nxb5 Bd5 38. Nd4 Rc8 39. g4 Kf8 40. Kg2 Ke7 41. g5 f5 42. Kg3 Rb8 43. a6 Kd6 44. a7 Rc8 (44... Ra8 45. Ra6+ Kc7) 45. Kf4 Ba8 46. Rb1 Bd5 47. Rb8 Kc7 48. Ke5 {[%emt 0:00:05] Weiß setzt Matt.} Ba8 49. Ne6+ Kd7 50. Nf8+ Kc7 51. Rxc8+ Kxc8 52. Nxh7 {[%emt 0:00:01] Gewichteter Fehlerwert: Weiß=0.13 (sehr präzise) /Schwarz=0.53.  Verlustzug:     	---       	Schwarz=1     Fehler:       	Weiß=2     	Schwarz=3     Ungenau:       	Weiß=4     	Schwarz=4     OK:         	Weiß=19    	Schwarz=12    Bester:       	Weiß=3     	Schwarz=2     Stark:        	Weiß=1     	---} 1-0

[Event "Indian Rapid Championship 2023-24"]
[Site "Nashik"]
[Date "2024.03.04"]
[Round "3.1"]
[White "Ghosh, Diptayan"]
[Black "Srihari L"]
[Result "1-0"]
[ECO "A49"]
[WhiteElo "2559"]
[BlackElo "2400"]
[Annotator "TA"]
[PlyCount "139"]
[EventDate "2024.03.02"]
[EventType "swiss"]
[EventCountry "IND"]
[SourceTitle "playchess.com"]
[Source "ChessBase"]
[SourceQuality "1"]
[TimeControl "900+10"]

1. Nf3 Nf6 2. g3 g6 3. Bg2 Bg7 4. d4 O-O 5. O-O d6 6. Re1 a5 {[%emt 0:00:47] A49: 1 d4 Nf6 2 Nf3 g6 3 g3: Anti-King's Indian systems.} 7. e4 c6 8. Nc3 Na6 $146 ({Predecessor:} 8... a4 9. e5 Nd5 10. Nxd5 cxd5 11. Bg5 Re8 12. Qd2 Nc6 13. c3 Be6 14. h4 h5 15. Bh6 {1-0 Bellahcene,B (2493)-Oney,F (2111) Europe Echecs online op March blitz 2020 (9)}) 9. h3 Nd7 10. e5 dxe5 11. dxe5 Ndc5 12. Qe2 b5 13. Rd1 Qc7 14. a3 Bb7 15. Be3 Rfd8 16. h4 Rxd1+ 17. Rxd1 b4 18. Nb1 Ne6 19. Nbd2 Nac5 20. axb4 axb4 21. Qc4 Nd7 22. Qxb4 c5 23. Qc4 Nxe5 24. Nxe5 Bxe5 25. c3 Rd8 26. Bxb7 Qxb7 27. Rb1 Qc7 28. Kg2 Ng7 29. Nf3 (29. Qxc5 $2 Qxc5 30. Bxc5 Rxd2 $19) 29... Nf5 30. Qxc5 Bxg3 $1 31. Qxc7 Bxc7 32. Bc5 e5 33. Re1 f6 34. h5 g5 35. Ra1 Bb8 36. b4 Kf7 37. Ra8 Ke6 $2 {[%emt 0:00:12][%mdl 8192] [#]} (37... Ng7 $11 {and Black has nothing to worry.}) 38. Bb6 $1 $18 Rc8 {[%emt 0:00:15] [#]} 39. Ba7 $1 Rxc3 40. Rxb8 ({Don't play} 40. Bxb8 Rc2 41. Ra6+ Ke7) 40... g4 41. Nd2 Nh4+ 42. Kf1 Rc1+ 43. Ke2 Ng2 44. Be3 f5 45. Rb6+ Kd5 46. Rb5+ Ke6 47. Rb6+ Kd5 48. Bh6 e4 $2 (48... Rh1 {is more resistant.} 49. Rb5+ Ke6) 49. Rb5+ $18 Ke6 50. Nb3 Re1+ 51. Kd2 f4 52. Bxf4 Rf1 53. Nd4+ Kd7 54. Be3 Rb1 55. Rd5+ Kc7 56. b5 Ne1 57. Rc5+ Kd6 58. Rc1 Rxc1 59. Kxc1 Nd3+ 60. Kd2 Kc5 61. h6 Nb2 62. Ke2 (62. Ne6+ $142 Kxb5 63. Ng5 Nc4+ 64. Ke2 Ne5 65. Nxh7 Kc6 66. Nf6 Ng6 67. h7 (67. Nxg4 Kd6 $18) (67. Nxe4 Kd5 $18)) 62... Nc4 63. Ne6+ Kxb5 64. Nf8 Ne5 65. Nxh7 Kc6 66. Nf6 Ng6 67. Nxg4 Kd5 68. Bc1 Ke6 69. Bb2 Kf5 70. Ne3+ 1-0

[Event "Indian Rapid Championship 2023-24"]
[Site "Nashik"]
[Date "2024.03.04"]
[Round "3.2"]
[White "Aakash Sharadchandra, Dalvi"]
[Black "Aronyak Ghosh"]
[Result "0-1"]
[ECO "E15"]
[WhiteElo "2291"]
[BlackElo "2517"]
[Annotator "TA"]
[PlyCount "62"]
[EventDate "2024.03.02"]
[EventType "swiss"]
[EventCountry "IND"]
[SourceTitle "playchess.com"]
[Source "ChessBase"]
[SourceQuality "1"]
[TimeControl "900+10"]

1. d4 Nf6 2. c4 e6 3. Nf3 b6 4. g3 Ba6 5. b3 Bb4+ 6. Bd2 c5 7. Bg2 Bb7 8. O-O O-O 9. Bc3 d5 10. Ne5 Qe7 11. Bxb4 cxb4 12. Nd2 {[%emt 0:01:06] The position is equal.} Nbd7 13. Nd3 a5 14. e3 Rfd8 15. Rc1 Rac8 16. Qe2 Ba6 17. f4 Rc7 18. Rc2 Ne8 19. Rfc1 Ndf6 20. Ne5 Nd6 21. Qd1 Rdc8 22. cxd5 {[%emt 0:01:28] This move loses the game for White.} ({White should play} 22. g4 $15) 22... Nxd5 $19 ({Resist} 22... exd5 23. g4 $17) 23. Bxd5 exd5 24. Rxc7 Rxc7 25. Kf2 (25. Rxc7 $142 Qxc7 26. Nb1) 25... f6 {[%emt 0:00:48] ...Rc3 would now be deadly.} 26. Nef3 $2 (26. Rxc7 Qxc7 27. Nef3) 26... Rc3 {[%emt 0:00:18] Black is clearly winning.} 27. Rxc3 bxc3 28. Nb1 {[%emt 0:00:01] White is weak on the light squares} Nf5 29. Qc1 {[%emt 0:00:14] [#]} c2 30. Qxc2 (30. Na3 Qxe3+) 30... Qxe3+ 31. Kg2 {[%emt 0:00:04] [#]} Qxf3+ $3 {[%emt 0:00:07][%mdl 512] Weighted Error Value: White=0.44/Black=0.05 (flawless) .  Mistake:       	White=3     	---        Inaccurate:     	White=2     	---        OK:         	White=5     	Black=7      Best:        	---       	Black=1} 0-1

[Event "Indian Rapid Championship 2023-24"]
[Site "Nashik"]
[Date "2024.03.04"]
[Round "3.3"]
[White "Prraneeth Vuppala"]
[Black "Kaustuv, Kundu"]
[Result "1/2-1/2"]
[ECO "E70"]
[WhiteElo "2506"]
[BlackElo "2388"]
[Annotator "TA"]
[PlyCount "86"]
[EventDate "2024.03.02"]
[EventType "swiss"]
[EventCountry "IND"]
[SourceTitle "playchess.com"]
[Source "ChessBase"]
[SourceQuality "1"]
[TimeControl "900+10"]

1. d4 Nf6 2. c4 g6 3. Nc3 Bg7 4. e4 d6 5. Nge2 O-O 6. Ng3 Nc6 7. d5 Ne5 8. Be2 c6 9. f4 Ned7 10. Be3 cxd5 11. cxd5 {[%emt 0:00:00] White is slightly better.} h5 12. O-O b6 13. Rc1 Bb7 14. h3 Rc8 15. Bd4 (15. Bd3 $14) 15... h4 (15... e6 $11 {was preferrable.}) 16. Nh1 $14 Nc5 ({Black should try} 16... e5 $14 17. dxe6 fxe6) 17. Nf2 $16 e5 18. fxe5 $18 dxe5 19. Be3 Ne8 20. b4 Nd7 21. Qd2 (21. Nb5 $16) 21... Nd6 (21... f5 $1 $14) 22. Nb5 $36 {[%emt 0:00:34][%mdl 2048] Black is under strong pressure.} Nxb5 23. Bxb5 a6 $2 (23... Nf6 24. Rxc8 Bxc8) 24. Bc6 $18 Bxc6 25. dxc6 Nf6 26. Qe2 b5 {[%emt 0:00:16] [#]} (26... Qd6 {was necessary.} 27. Rfd1 (27. Bxb6 Rxc6 28. Be3 Rfc8 $11) 27... Qe6) 27. a4 $1 Nh5 28. Rfd1 Ng3 29. Qc2 Qf6 30. Nh1 (30. axb5 $18 {and White stays clearly on top.} axb5 31. Rd5) 30... Nh5 {[%emt 0:00:16] [#]} (30... Rfd8 $16) 31. axb5 $1 axb5 32. Qc5 Nf4 33. Qxb5 {[%emt 0:00:16] Nf2 would now be deadly.} Bh6 {[%emt 0:00:16][%cal Of4h3] Threatens to win with ...Nxh3+!} 34. Kh2 Kh7 35. c7 (35. Rf1 $142) 35... Ne6 36. Bxh6 Kxh6 {[%emt 0:00:01] [#]} 37. Qb6 {[%emt 0:00:06] White is much more active.} (37. Rf1 $1 $16 Qe7 (37... Nxc7 $2 38. Rxc7 $18) 38. Nf2 (38. Qxe5 Rxc7 39. b5 Rc5 $11) 38... Rxc7 39. Ng4+ (39. Qxe5 Rxc1 40. Rxc1 Qxb4 $11) 39... Kh7 40. Rxc7 (40. Nxe5 Rxc1 41. Rxc1 Qg5 $11) 40... Qxc7 41. Qxe5 (41. Nxe5 Kg7 $16) 41... Qxe5+ 42. Nxe5) 37... Qf4+ $11 38. Kg1 {[%emt 0:00:02] aiming for Nf2.} Nd4 $1 39. Qa6 {[%emt 0:00:16] Dodges Ne2+. Dancing on a razor blade.} (39. Re1 Ne2+ 40. Rxe2 Qxc1+ 41. Kh2 Rxc7 $19) 39... Qe3+ 40. Kh2 $2 (40. Nf2 $1 $11 {and White is okay.} Ne2+ 41. Kf1 Ng3+ 42. Kg1 Ne2+ 43. Kf1 Ng3+ 44. Kg1 Ne2+) 40... Qf4+ 41. Kg1 Qe3+ 42. Kh2 {[%emt 0:00:20] Rf1 is the strong threat.} Qf4+ (42... Ne2 $1 $19 {Hoping for ...Qf4+.} 43. Rf1 (43. Qf6 $2 Nxc1 44. Nf2 Qg3+ 45. Kh1 Rxc7 $19) 43... Nxc1) 43. Kg1 {[%emt 0:00:02] Black must now prevent Nf2.} Qe3+ {[%emt 0:00:02] Weighted Error Value: White=0.48/Black=0.79.  Loses game:     	White=1     	---        Missed win:     	---       	Black=1      Mistake:       	White=5     	Black=7      Inaccurate:     	---       	Black=3      OK:         	White=11    	Black=9      Best:        	White=7     	Black=4      Strong:       	White=1     	Black=1} 1/2-1/2

[Event "Indian Rapid Championship 2023-24"]
[Site "Nashik"]
[Date "2024.03.04"]
[Round "3.4"]
[White "Kiran, Manisha Mohanty"]
[Black "Raja Rithvik R"]
[Result "0-1"]
[ECO "B95"]
[WhiteElo "2036"]
[BlackElo "2532"]
[Annotator "TA"]
[PlyCount "60"]
[EventDate "2024.03.02"]
[EventType "swiss"]
[EventCountry "IND"]
[SourceTitle "playchess.com"]
[Source "ChessBase"]
[SourceQuality "1"]
[TimeControl "900+10"]

1. e4 c5 2. Nf3 d6 3. d4 cxd4 4. Nxd4 Nf6 5. Nc3 a6 6. Bg5 e6 7. Qe2 h6 8. Bh4 Be7 9. O-O-O Nbd7 (9... Nxe4 $11 {remains equal.} 10. Nxe4 Bxh4) 10. Kb1 Qc7 11. f4 b5 12. a3 Bb7 13. g4 Rc8 ({Don't play} 13... Nxe4 $6 14. Nxe4 Bxh4 15. Nxe6 fxe6 16. Nxd6+ Ke7 17. Rg1 $16 (17. Bg2 Bxg2 18. Nf5+ Kf7 $17)) 14. Bg2 Qc4 15. Qxc4 (15. h3 $11 {keeps the balance.}) 15... Rxc4 $17 16. h3 Rxc3 17. Bxf6 (17. bxc3 $142 g5 (17... Bxe4 18. Bxe4 Nxe4 19. Be1 $17) 18. Be1) 17... Nxf6 18. bxc3 Nxe4 19. Bxe4 Bxe4 20. Rhe1 d5 {[%emt 0:00:50][%mdl 1024] Black has compensation.} 21. Kb2 h5 22. g5 (22. f5 $11) 22... g6 ({Black should try} 22... O-O $1 $15) 23. h4 (23. Nc6 $11) 23... O-O $15 24. Nc6 Bc5 25. Nd4 (25. Ne5 $15) 25... Rc8 26. Rd2 Bb6 {[%emt 0:00:12][%cal Oc8c3] This pair of bishops is nice.} 27. Rde2 Rc4 28. Rxe4 $4 (28. Rf1 $17 {is tougher.}) 28... dxe4 $19 29. Rxe4 Ra4 30. Nxe6 $2 {[%emt 0:00:42] [#]} (30. Kc1 $19) 30... Rxe4 {[%emt 0:00:13] Weighted Error Value: White=0.73/Black=0.20 (precise) .  Loses game:     	White=1     	---        Mistake:       	White=6     	Black=2      Inaccurate:     	White=2     	Black=1      OK:         	White=8     	Black=6      Best:        	White=1     	Black=2} 0-1

[Event "Indian Rapid Championship 2023-24"]
[Site "Nashik"]
[Date "2024.03.04"]
[Round "3.5"]
[White "Moksh Amit Doshi"]
[Black "Ayush Sharma"]
[Result "1-0"]
[ECO "E15"]
[WhiteElo "2353"]
[BlackElo "2311"]
[Annotator "TA"]
[PlyCount "75"]
[EventDate "2024.03.02"]
[EventType "swiss"]
[EventCountry "IND"]
[SourceTitle "playchess.com"]
[Source "ChessBase"]
[SourceQuality "1"]
[TimeControl "900+10"]

1. d4 Nf6 2. c4 e6 3. Nf3 b6 4. g3 Ba6 5. b3 Bb4+ 6. Bd2 Be7 7. Nc3 c6 8. e4 d5 9. Bd3 dxe4 10. Nxe4 O-O 11. O-O {[%emt 0:01:15] White is slightly better.} Bb7 12. Qe2 Nbd7 13. Rad1 c5 14. Bc3 Qc7 15. dxc5 bxc5 16. Nfg5 (16. Neg5 $14 {was preferrable.}) 16... Qc6 (16... Nxe4 $11 {keeps the balance.} 17. Nxe4 f5) 17. f3 {[%emt 0:00:42] White is much more active.} ({Better is} 17. Bxf6 $16 gxf6 18. Nxh7) 17... h6 18. Nxf6+ Bxf6 (18... Nxf6 $11 {remains equal.} 19. Ne4 Qc7) 19. Bh7+ $16 Kh8 20. Be4 Qc7 21. Bxb7 Qxb7 22. Ne4 {[%emt 0:00:03][%cal Od1d7] [#] Rxd7! is the strong threat.} Bxc3 23. Nxc3 Rad8 24. Rd2 (24. Qe3 $16) 24... Nb8 $14 25. Rfd1 (25. Na4 $14) 25... Rxd2 $1 $11 26. Rxd2 Nc6 27. Qe3 Nd4 28. Kf2 Rd8 29. Ne2 Qb6 30. Nf4 Qa5 31. Kg2 Rd7 {[%emt 0:00:10] [#] White must now prevent ...Nf5.} 32. Qf2 Qc3 33. Rd3 Qa1 34. Qd2 (34. Rd2 $11) 34... Qb1 35. Rc3 g5 36. Nh3 Rd6 {[%emt 0:00:19] aiming for ...Nf5.} 37. Nf2 f5 $2 {[%emt 0:00:06][%mdl 8192] Prevents Ne4} (37... Ra6 $15 38. a4 e5 (38... Nxb3 39. Qd8+ Kg7 40. Ne4 $11)) 38. Rc1 {[%emt 0:00:26] Weighted Error Value: White=0.16 (very precise) /Black=0.20 (precise) .  Loses game:     	---       	Black=1      Mistake:       	White=5     	Black=2      Inaccurate:     	White=2     	Black=3      OK:         	White=4     	Black=8      Best:        	White=4     	Black=3      Strong:       	---       	Black=1} 1-0

[Event "Indian Rapid Championship 2023-24"]
[Site "Nashik"]
[Date "2024.03.04"]
[Round "3.6"]
[White "Abhishek, Kelkar"]
[Black "Sriram, Jha"]
[Result "1-0"]
[ECO "D11"]
[WhiteElo "2182"]
[BlackElo "2312"]
[Annotator "TA"]
[PlyCount "81"]
[EventDate "2024.03.02"]
[EventType "swiss"]
[EventCountry "IND"]
[SourceTitle "playchess.com"]
[Source "ChessBase"]
[SourceQuality "1"]
[TimeControl "900+10"]

1. d4 d5 2. c4 c6 3. Nf3 Nf6 4. Qc2 g6 5. Bf4 dxc4 {[%emt 0:00:47] Schwarz hat schwache schwarze Felder} 6. e4 b5 7. b3 cxb3 8. axb3 {[%emt 0:00:02] Die Stellung ist ausgeglichen.} Bg7 9. Nbd2 O-O 10. Be2 Bb7 (10... Nh5 $15 11. Be3 f5 12. exf5 Bxf5) 11. h4 (11. b4 $11) 11... Nbd7 ({Besser ist} 11... a5 $17) 12. h5 Nxh5 $17 (12... gxh5 13. e5 Nd5 14. Ng5) 13. Rxh5 gxh5 14. e5 h6 (14... Qe8 $17) 15. Qf5 $1 $11 {[%emt 0:00:15][%cal Oe2d3] [#] Droht stark Bd3!} e6 $1 16. Qxh5 f5 17. Bxh6 Qe8 $1 18. Qg5 Rf7 19. Nh4 {[%emt 0:00:57] Schwarz muss nun Bh5 beachten.} Qe7 20. Qg3 {[%emt 0:00:12] Droht Bh5 und aus.} Qb4 (20... c5 $14) 21. Bh5 $16 Re7 22. Ng6 {[%emt 0:02:00] Tanz auf der Rasierklinge. Weiß steht aktiver.} Bxh6 23. Nxe7+ Kh8 24. Ng6+ Kh7 25. Nf4 Nf8 {[%emt 0:00:39][%mdl 8192] Verhindert Qg6+} (25... Nxe5 $14 26. dxe5 Qxf4 27. Qg6+ Kh8) 26. Bg6+ $18 Kh8 27. Bf7 Nh7 {[%emt 0:00:18][%cal Bf8h7,Bh7g5,Bg5e4][%mdl 32] [#]} 28. Rxa7 $3 Ng5 29. Ng6+ $2 $40 {[%emt 0:00:55][%mdl 128] Weiss hat was vor.} ({Weiss kommt nicht vorbei an} 29. Qh4 $18 Nxf7 30. Rxb7 (30. Qf6+ Kg8 $18)) 29... Kg7 30. Rxb7 $2 (30. Rxa8 $11 Bxa8 31. Nf4 Kxf7 32. Qh4 Qxd4 33. Qh5+ Ke7 (33... Kg8 34. Qe8+ Bf8 35. Qg6+ Bg7 36. Qe8+ Bf8 37. Ng6 $11) 34. Ng6+ Kd8 35. Qxh6) 30... Ra1+ $4 (30... Nxf7 $2 {geht unter.} 31. Nf4+ Kh8 32. Qh4 $18 (32. Rxf7 Qxd4 $18)) (30... Nf3+ $1 {und Schwarz kann entspannen.} 31. Kf1 Ra1+ (31... Qxd2 32. Bxe6#) 32. Ke2 Qxd2+ 33. Kxf3 Qd3#) 31. Ke2 {[%emt 0:00:02][%cal Be1e2,Be2d2,Bd2c2,Bc2b1,Bb1b2][%mdl 32] Weiss will mit Nf4 Matt setzen.} Qxd2+ 32. Kxd2 {[%emt 0:00:01] Beabsichtigt Nf4 und Matt.} Ne4+ 33. Kc2 Nxg3 34. fxg3 {[%emt 0:00:01][%cal Og6h4] Und Nh4! würde nun gewinnen.} Ra2+ 35. Kb1 Rxg2 36. Nf4 (36. Bxe6+ Kxg6 37. Bd7 Rg1+ 38. Kc2 Rg2+ 39. Kd1 Rd2+ 40. Ke1 Rxd4 $16) 36... Rg1+ 37. Kb2 Bg5 38. Bxe6+ {[%emt 0:00:19] Weiß setzt Matt.} Kf8 39. Bxf5 Rxg3 40. Ne6+ Ke8 41. Bg6# {[%emt 0:00:02] Ein Albtraum für Schwarz.   Gewichteter Fehlerwert: Weiß=0.43/Schwarz=0.40.  Verlustzug:     	---       	Schwarz=1     Gewinn verpasst:   	---       	Schwarz=1     Fehler:       	Weiß=2     	Schwarz=4     Ungenau:       	Weiß=2     	Schwarz=1     OK:         	Weiß=5     	Schwarz=5     Bester:       	Weiß=5     	Schwarz=4     Stark:        	Weiß=1     	Schwarz=2} 1-0

[Event "Indian Rapid Championship 2023-24"]
[Site "Nashik"]
[Date "2024.03.04"]
[Round "3.7"]
[White "Neelotpal, Das"]
[Black "Dixit, Nikhil"]
[Result "1-0"]
[ECO "E92"]
[WhiteElo "2355"]
[BlackElo "2334"]
[Annotator "TA"]
[PlyCount "127"]
[EventDate "2024.03.02"]
[EventType "swiss"]
[EventCountry "IND"]
[SourceTitle "playchess.com"]
[Source "ChessBase"]
[SourceQuality "1"]
[TimeControl "900+10"]

1. d4 Nf6 2. c4 g6 3. Nc3 Bg7 4. e4 d6 5. Be2 O-O 6. Nf3 e5 7. Be3 exd4 8. Nxd4 Re8 9. f3 c6 10. Bf2 d5 11. exd5 cxd5 12. O-O Nc6 13. c5 Bf8 14. Nb3 Nh5 15. g3 Qg5 16. Qc1 Qxc1 17. Raxc1 Bg7 18. Bb5 a6 19. Ba4 Nf6 20. Rfd1 Bd7 21. Nd4 Bh6 22. Rb1 Bf8 23. b4 Rad8 24. a3 Ne5 25. Bb3 Nc4 26. Nc2 (26. Nxd5 $2 Nxd5 $19) 26... Bh6 ({Black should play} 26... Ne5 $14) 27. Bd4 $1 $16 (27. Nxd5 $2 Nxd5 28. Rxd5 (28. Bxc4 $2 Nc3 $19) 28... Nd2 $19) 27... Nh5 $2 (27... Ne5 $16) 28. g4 $1 $18 (28. Nxd5 Nd2 29. Bf6 Rb8 30. Rxd2 Bxd2 $11) 28... Nf4 29. Bxc4 $2 (29. Bf6 $1 $18 Ne5 30. Bxd8 (30. Bxd5 Nxd5 31. Nxd5 Nxf3+ 32. Kf2 Nd2 $18) 30... Rxd8 31. Kf2 (31. Bxd5 Nxd5 32. Rxd5 Re8 $18) (31. Nxd5 Kf8 $18)) 29... Nh3+ $2 (29... dxc4 $11 30. Bf6 Bg7 31. Bxd8 Rxd8) 30. Kf1 $1 $18 dxc4 31. Bf6 Bg7 32. Ne4 $2 (32. Bxd8 $18 {and the rest is easy.} Rxd8 33. Nd5) 32... Ba4 $16 33. Rxd8 Rxd8 34. Bxd8 Bxc2 {[%emt 0:00:04] [#]} 35. Re1 $1 Bd3+ 36. Kg2 Nf4+ 37. Kg3 Ne2+ {[%emt 0:00:18] [#]} 38. Kh4 (38. Rxe2 $1 $16 Bxe2 39. Bf6) 38... h6 39. g5 h5 $2 (39... c3 $11 40. gxh6 Bd4 (40... Bxh6 41. Nxc3 Nxc3 42. Bf6 $11)) 40. Bf6 $18 Nd4 41. Kg3 Nc2 42. Rd1 Nxa3 43. Nf2 Bxf6 $2 (43... Bf5 44. Ne4 (44. Rd8+ Kh7 $18) 44... Bxe4) 44. gxf6 $18 Bf5 45. Ne4 Bxe4 46. fxe4 c3 47. Kf2 g5 $2 (47... c2 48. Rg1 (48. Rc1 g5 $18) 48... Nc4) 48. Ke2 c2 49. Rd8+ Kh7 50. Kd2 g4 51. e5 ({Worse is} 51. Rd3 Nc4+ 52. Kxc2 h4 $11) 51... Kg6 52. Kc1 Kf5 53. Re8 h4 (53... Kg6 $142 54. Rg8+ Kf5) 54. e6 $18 Kxf6 55. exf7 Kxf7 56. Re4 g3 57. Rxh4 (57. Rf4+ Ke6 58. hxg3 (58. Rxh4 gxh2 59. Rxh2 Kd7 $18) 58... hxg3 $16) 57... gxh2 58. Rxh2 Ke6 59. Rh7 Kd5 60. Rxb7 a5 61. bxa5 Kxc5 62. a6 Kc6 63. Rb3 Nb5 64. Rxb5 ({Not} 64. Kxc2 Nd4+ 65. Kd3 Nxb3 $11) 1-0

[Event "Indian Rapid Championship 2023-24"]
[Site "Nashik"]
[Date "2024.03.04"]
[Round "3.8"]
[White "Vignesh B"]
[Black "Sidhant, Mohapatra"]
[Result "0-1"]
[ECO "A07"]
[WhiteElo "2209"]
[BlackElo "2379"]
[Annotator "TA"]
[PlyCount "154"]
[EventDate "2024.03.02"]
[EventType "swiss"]
[EventCountry "IND"]
[SourceTitle "playchess.com"]
[Source "ChessBase"]
[SourceQuality "1"]
[TimeControl "900+10"]

1. Nf3 d5 2. g3 c6 3. Bg2 Bg4 4. O-O Nd7 5. b3 e5 6. d3 Bd6 7. c4 Ngf6 8. cxd5 cxd5 9. Bb2 O-O 10. Nc3 d4 11. Nb5 {[%emt 0:00:17][%cal Bc3b5,Bb5a3,Ba3c4][%mdl 32] Schwarz hat minimalen Vorteil.} Bc5 12. h3 Be6 13. Na3 Bd5 14. Nc4 Qe7 15. Rc1 (15. e3 $11 {hält das Gleichgewicht.}) 15... Rac8 {[%emt 0:00:07] Schwarz steht aktiver.} (15... b5 $17 16. Ncd2 a5) 16. a4 $15 b6 17. Nh4 Bxg2 18. Kxg2 Nd5 {[%emt 0:00:16] Lässt e3 nicht zu} (18... Qe6 $17 19. e4 dxe3 20. fxe3 Nd5) 19. Nf5 Qg5 (19... Qe6 $15 20. e4 g6 (20... dxe3 21. fxe3 g6 22. e4 $11)) 20. e4 $1 $14 Nf4+ 21. Kh2 {[%emt 0:00:05][%cal Oh3h4] [#] h4! ist eine echte Drohung.} Ne6 22. h4 (22. f4 $14 exf4 23. gxf4) 22... Qd8 $11 23. Ncd6 Rb8 24. Nc4 g6 25. Nh6+ Kg7 26. Ng4 f6 27. Qd2 Qe7 28. Kg2 (28. h5 $15) 28... Kh8 (28... Bb4 $19 29. Qh6+ Kh8) 29. Rh1 (29. h5 $17 {war einen Versuch wert.}) 29... h5 $19 30. Nh2 f5 $2 (30... Bb4 $17 31. Qe2 a6) 31. Qh6+ $14 Qh7 ({Besser ist} 31... Kg8 $1 $14) 32. Qxh7+ $16 Kxh7 33. Nf3 fxe4 34. dxe4 b5 35. axb5 ({Vorzuziehen ist} 35. Ncxe5 $16 Nxe5 36. Nxe5 bxa4 37. Nd7) 35... Rxb5 $11 36. Ncxe5 Nxe5 37. Nxe5 Rxb3 38. Nd7 $2 (38. Ba1 $1 $11 d3 39. f4) 38... Rxb2 $19 39. Nxf8+ Bxf8 40. Rc6 Nc5 41. Ra1 Rb7 ({Schlechter ist} 41... Nxe4 42. Rxa7+ Kh6 (42... Bg7 $2 43. Rcc7 $18) 43. Kf3 Nd2+ (43... Rxf2+ $2 {zu gefräßig.} 44. Kxe4 Re2+ 45. Kxd4 $18) (43... Nxf2 44. Rcc7 Rb3+ 45. Kxf2 Rb2+ 46. Kg1) 44. Kg2 $11) 42. e5 d3 43. Kf3 $2 (43. Ra2) 43... Nb3 44. Ra4 Bc5 45. e6 d2 46. Ke2 Nd4+ 47. Rxd4 Bxd4 {[%emt 0:00:01][%mdl 4096] Endspiel. KRB-KR} 48. Rd6 Bf6 (48... Bc3 $142 {Zielt auf ...Rb1 ab.} 49. Rd7+ Rxd7 50. exd7 Ba5) 49. Kxd2 Kg7 50. Kd3 Be7 51. Rc6 Rb6 52. Rc7 Rxe6 {[%emt 0:00:04] Und ...a6 würde nun gewinnen.} 53. Rxa7 Kf6 54. Ra5 Re5 55. Ra6+ Kf5 56. f3 Re6 57. g4+ {[%emt 0:00:07] [#]} hxg4 $2 (57... Kf6 $1 $19 58. Ra5 hxg4 59. fxg4 Rb6) 58. fxg4+ $11 Kf6 59. Ra5 (59. g5+ $11 {und Weiss steht sicher.} Kf5 60. Ra8) 59... Kf7 (59... Rb6 $19 {und Schwarz behält klar die Oberhand. Und jetzt ...Rb4 wäre schön.} 60. h5 gxh5 61. gxh5 Rd6+ 62. Ke4 Re6+ 63. Kf3 Kg7) 60. g5 $17 Re1 {[%emt 0:00:03] Verhindert Ra1.} 61. Ra4 Bd6 {[%emt 0:00:16] Pariert Rf4+. Droht ...Bg3 und aus.} 62. Kd2 $2 (62. Ra7+ $17 Re7 63. Ra1) 62... Rh1 $19 63. Rg4 Ke6 {[%emt 0:00:07] Schwarz setzt Matt.} 64. Ke3 Kf5 65. Ra4 Rh3+ 66. Kf2 Bf4 67. Ra5+ Kg4 68. Ra6 Kh5 69. Rf6 Rxh4 70. Rf7 Kxg5 71. Kf3 Rh3+ 72. Kg2 Ra3 73. Rg7 Kf5 74. Rf7+ Kg4 75. Rf8 Ra2+ 76. Kf1 Kf3 77. Re8 Ra1+ $2 {[%emt 0:00:02] Gewichteter Fehlerwert: Weiß=0.66/Schwarz=0.59.  Verlustzug:     	Weiß=3     	---        Gewinn verpasst:   	---       	Schwarz=1     Fehler:       	Weiß=6     	Schwarz=7     Ungenau:       	Weiß=7     	Schwarz=2     OK:         	Weiß=14    	Schwarz=18    Bester:       	Weiß=4     	Schwarz=7     Stark:        	Weiß=1     	---} (77... g5 {setzt Matt} 78. Re1 g4 79. Kg1 Be3+ 80. Kh1 g3 81. Rf1+ Rf2 82. Rxf2+ gxf2 83. Kh2 f1=R 84. Kh3 Rh1#) 0-1